 Dungeon Crawl Stone Soup version 0.20.1-1-g8b1a95d (webtiles) character file.

184 schauveau the Skirmisher (level 5, -2/35 HPs)
             Began as a Gargoyle Berserker on Dec 3, 2017.
             Was a Believer of Trog.
             Slain by Anon1729's ghost (5 damage)
             ... on level 3 of the Dungeon.
             The game lasted 00:04:25 (2574 turns).

schauveau the Skirmisher (Gargoyle Berserker)       Turns: 2574, Time: 00:04:26

Health: -2/35      AC:  7    Str: 20    XL:     5   Next: 64%
Magic:  5/5        EV: 12    Int:  8    God:    Trog [**....]
Gold:   118        SH:  0    Dex: 10    Spells: 4/4 levels left

rFire    . . .     SeeInvis .   a - +0 mace
rCold    . . .     Gourm    .   (no shield)
rNeg     + . .     Faith    .   b - +0 animal skin
rPois    ∞         Spirit   .   k - +0 helmet
rElec    +         Reflect  .   (no cloak)
rCorr    .         Harm     .   (no gloves)
MR       .....                  (no boots)
Stlth    +.........             (no amulet)
Regen    0.2/turn               (no ring)
MPRegen  0.1/turn               (no ring)

@: no status effects
A: negative energy resistance 1, electricity resistance, unbreathing,
petrification resistance, rot immunity, AC +4
a: Berserk, Trog's Hand, Burn Spellbooks, Renounce Religion


You were on level 3 of the Dungeon.
You worshipped Trog.
Trog was pleased with you.
You were not hungry.

You visited 1 branch of the dungeon, and saw 3 of its levels.
You also visited: Sewer.

You collected 118 gold pieces.

Inventory:

Hand Weapons
 a - a +0 mace (weapon)
Missiles
 d - 17 poisoned needles
Armour
 b - a +0 animal skin (worn)
 k - a +0 helmet (worn)
Jewellery
 h - a +3 ring of evasion {unknown}
Scrolls
 e - a scroll of fear
 f - a scroll of fog {unknown}
 i - 5 scrolls of remove curse {unknown}
 l - a scroll of identify
 s - a scroll of enchant armour {unknown}
 u - a scroll of recharging {unknown}
Potions
 g - a potion of ambrosia
 m - a potion of magic {unknown}
 n - 5 potions of agility {unknown}
 p - 5 potions of curing
 q - 2 potions of might {unknown}
 r - a potion of lignification
 t - 3 potions of heal wounds {unknown}
Comestibles
 c - a bread ration
 o - a royal jelly
 v - a meat ration


   Skills:
 * Level 5.0 Fighting
 * Level 4.4 Maces & Flails
 + Level 3.3 Armour
 - Level 1.5 Dodging


You had 4 spell levels left.
You didn't know any spells.

Dungeon Overview and Level Annotations

Branches:
Dungeon (3/15)

Altars:
Okawaru
Sif Muna

Annotations:
D:3 Anon1729's ghost, amateur HuCK


Innate Abilities, Weirdness & Mutations

You are resistant to torment.
Your stone body is resilient. (AC +4)
You are immune to poison.
You resist negative energy. (rN+)
You are resistant to electric shocks. (rElec)
You can survive without breathing.
You are immune to petrification.
You are immune to rotting.


Message History

Anon1729's ghost hits you.
You barely miss Anon1729's ghost.
Anon1729's ghost is moderately damaged.
Anon1729's ghost misses you.
You hit Anon1729's ghost.
Anon1729's ghost is moderately damaged.
Anon1729's ghost hits you.
You barely miss Anon1729's ghost.
Anon1729's ghost is moderately damaged.
Anon1729's ghost hits you but does no damage.
You are too injured to fight recklessly!
You closely miss Anon1729's ghost.
Anon1729's ghost is moderately damaged.
Anon1729's ghost hits you!
* * * LOW HITPOINT WARNING * * *
Anon1729's ghost hits you but does no damage.
You hit Anon1729's ghost.
Anon1729's ghost is heavily damaged.
Anon1729's ghost hits you.
You die...

#.#...# *#≈≈o≈≈..≈≈≈≈≈#* #.# #.
#.#.### *#≈≈≈≈..≈≈≈≈#* #.# #.
#.#.########≈≈≈..≈≈≈#* #.# #.
#.#.......#***#''########*#.# #.
..#.......# #.†........<#.# #.
..........# ##o########*#.# #.
......#.### #g# #.# #. ...##.#.#
#W# #.# #. ...##.#.# #####@## #.#
#. ...##.#.####......# #.####.
..................# ####.##...
......#.####......######.......#.
.##...#...........#...##.......#.
###...#................'.....###.
###...#...........#...##.....#...
..................#...##÷..###.##
###...########'####...##...#)..#


You could see Anon1729's ghost, an orc and a goblin.

Vanquished Creatures
  A big kobold (Sewer)
  2 adders
  5 oozes
  2 worms
  4 dart slugs
  3 leopard geckos
  2 orcs (D:3)
  A ball python (D:2)
  A giant cockroach (Sewer)
  4 goblins
  3 hobgoblins
  15 kobolds
  A quokka (D:3)
  8 bats
  5 frilled lizards
  4 rats
61 creatures vanquished.

Notes
Turn   | Place    | Note
-------+----------+-------------------------------------------
     0 | D:1      | schauveau the Gargoyle Berserker began the quest for the Orb.
     0 | D:1      | Reached XP level 1. HP: 14/14 MP: 1/1
   166 | D:1      | Reached XP level 2. HP: 19/19 MP: 2/2
   665 | D:2      | Reached XP level 3. HP: 22/24 MP: 3/3
   720 | D:1      | Reached skill level 4 in Fighting
   970 | D:2      | Found a deep blue altar of Sif Muna.
  1166 | D:3      | Reached ** piety under Trog
  1218 | D:3      | Reached XP level 4. HP: 12/29 MP: 4/4
  1276 | D:3      | Found a glowing drain.
  1308 | Sewer    | Entered a sewer
  1738 | Sewer    | Noticed a big kobold
  1771 | Sewer    | Killed a big kobold
  1771 | Sewer    | Reached skill level 5 in Fighting
  1771 | Sewer    | Reached XP level 5. HP: 5/35 MP: 5/5
  2498 | D:3      | Found an iron altar of Okawaru.
  2553 | D:3      | Noticed Anon1729's ghost (amateur HuCK)
  2574 | D:3      | Slain by Anon1729's ghost

Skill      XL: |  1  2  3  4 |
---------------+-------------+-----
Fighting       | 4 5 |  5.0
Maces & Flails | 4 |  4.4
Armour         | 3 |  3.3
Dodging        | |  1.5

Action                   |  1- 3 |  4- 6 || total
-------------------------+-------+-------++-------
Melee: Mace              |    80 |   109 ||   189
Invok: Berserk           |       |     1 ||     1
  Use: Scroll            |     7 |       ||     7
       Potion            |       |     1 ||     1
  Eat: Chunk             |     1 |     3 ||     4
       Meat ration       |       |     1 ||     1
Armor: Animal skin       |    33 |    80 ||   113
Dodge: Dodged            |    84 |   121 ||   205
